 Dungeon Crawl Stone Soup version 0.30-a0-1116-gebefce21f7 (webtiles) character file.

Game seed: 17471414237368272763

93 AiryTheDragon the Magician (level 4, -2/31 HPs)
             Began as a Demonspawn Hedge Wizard on Apr 22, 2023.
             Was a Follower of Dithmenos.
             Killed by nerve-wracking pain
             ... invoked by Grinder
              (13 damage)
             ... on level 3 of the Dungeon.
             The game lasted 00:40:07 (2410 turns).

AiryTheDragon the Magician (DsHW)                   Turns: 2410, Time: 00:40:08

Health: -2/31      AC:  7    Str: 10    XL:     4   Next: 37%
Magic:  2/9        EV: 16    Int: 18    God:    Dithmenos [*.....]
Gold:   115        SH:  0    Dex: 12    Spells: 1/10 levels left

rFire   . . .      SeeInvis .    e - +0 mace
rCold   . . .      Faith    .    (no shield)
rNeg    . . .      Spirit   .    n - +0 leather armour
rPois   .          Reflect  .    c - +0 hat
rElec   .          Rampage  .    q - scarf {shadows}
rCorr   .                        (no gloves)
Will    .....                    (no boots)
Stlth   ++                       y - amulet of the acrobat
HPRegen 0.25/turn                h - +5 ring of evasion
MPRegen 0.11/turn                v - +4 ring of protection

@: wreathed by umbra
A: spiny 1, demonic magic 1
a: Renounce Religion


You were on level 3 of the Dungeon.
You worshipped Dithmenos.
Dithmenos was aware of your devotion.
You visited 1 branch of the dungeon, and saw 3 of its levels.

You collected 115 gold pieces.

Inventory:

Hand Weapons
 a - a +0 dagger
 e - a +0 mace (weapon)
 l - a +0 short sword
 w - a +0 flail
Missiles
 m - 27 stones
Armour
 b - a +0 robe
 c - a +0 hat (worn)
 k - a +0 chain mail
 n - a +0 leather armour (worn)
 o - a +0 cloak
 q - a scarf of shadows (worn)
Magical Staves
 s - a staff of cold
Jewellery
 h - a +5 ring of evasion (left hand)
 r - an amulet of guardian spirit
 v - a +4 ring of protection (right hand)
 x - a ring of willpower
 y - an amulet of the acrobat (around neck)
Wands
 u - a wand of roots (4)
Scrolls
 f - a scroll of silence {unknown}
 i - a scroll of poison {unknown}
 j - a scroll of teleportation {unknown}
 t - a scroll of identify {unknown}
Potions
 d - a potion of magic
 g - 2 potions of curing
 p - a potion of haste {unknown}


   Skills:
 + Level 0.3 Fighting
 + Level 1.3 Maces & Flails
 * Level 1.0 Armour
 + Level 2.2 Dodging
 + Level 2.2 Stealth
 + Level 3.8 Spellcasting
 + Level 1.2 Conjurations
 + Level 1.0 Summonings
 + Level 0.9 Translocations


You had one spell level left.
You knew the following spells:

 Your Spells              Type           Power      Damage    Failure   Level
a - Magic Dart            Conj           28%        1d4       12%         1
b - Blink                 Tloc           12%        N/A       22%         2
c - Call Imp              Summ           14%        N/A       21%         2
d - Mephitic Cloud        Conj/Pois/Air  4%         N/A       45%         3
e - Slow                  Hex            12%        N/A       21%         1

Your spell library contained the following spells:

 Spells                   Type           Power      Damage    Failure   Level
 Cigotuvi's Dreadful Rot  Necr/Pois/Air  6%         N/A       30%         2
 Ensorcelled Hibernation  Hex/Ice        6%         N/A       30%         2
 Passwall                 Tmut/Erth      2%         N/A       30%         2
 Swiftness                Air            3%         N/A       52%         3
 Animate Armour           Summ/Erth      10%        N/A       86%         4
 Blade Hands              Tmut           1%         N/A       99%         5
 Iron Shot                Conj/Erth      2%         9d2       100%        6


Dungeon Overview and Level Annotations

Branches:
Dungeon (3/15)

Altars:
Dithmenos

Annotations:
D:3 Grinder, Terence


Innate Abilities, Weirdness & Mutations

You are partially covered in sharp spines.
Spells you cast may paralyse adjacent enemies.


Message History

Grinder gestures at you. Pain shoots through your body!
Casting: Magic Dart (safe; 12% risk of failure)
Confirm with . or Enter, or press ? or * to list all spells.
Aiming: Magic Dart (safe; 12% risk of failure)
Press: ? - help, Shift-Dir - straight line, f/p - Grinder
Aim: Grinder (severely wounded, ally target, 100% to hit)
The magic dart hits Grinder but does no damage.
Grinder is severely wounded.
Malevolent energies surge around you.
Your cerulean imp barely misses Grinder.
Grinder blinks!
There is a stone staircase leading up here.
You closely miss Grinder.
Grinder is severely wounded.
Grinder blinks!
Your cerulean imp hits Grinder but does no damage.
Your cerulean imp closely misses Grinder.
Grinder gestures at you.
You suddenly lose the ability to move!
Grinder says, "DUCK!"
Grinder hits you.
Your cerulean imp hits Grinder but does no damage.
You can move again.
You barely miss Grinder.
Grinder is severely wounded.
Your cerulean imp closely misses Grinder.
Grinder gestures at you. Pain shoots through your body!
Casting: Magic Dart (safe; 12% risk of failure)
Confirm with . or Enter, or press ? or * to list all spells.
Aiming: Magic Dart (safe; 12% risk of failure)
Press: ? - help, Shift-Dir - straight line, f/p - Grinder
Aim: Grinder (severely wounded, ally target, umbra, 100% to hit)
The magic dart hits Grinder.
Grinder is severely wounded.
Malevolent energies surge around you. Grinder gestures at you.
Pain shoots through your body!
You die...

########### #.........#
## #.........#
...######.........#
...........5.5.....#
....)........@.<....#
...[................#
....................#
....................#
.............##.#####
.............##.#
................###
..................###
.#######.......##......#


You could see Grinder (ally target) and a friendly cerulean imp (summoned).

Vanquished Creatures
  3 adders (D:2)
  A gnoll (D:1)
  A worm (D:2)
  3 dart slugs
  An orc (D:3)
  4 bats
  4 endoplasms
  A giant cockroach (D:2)
  3 goblins
  6 hobgoblins
  3 jackals (D:1)
  A quokka (D:2)
  5 ball pythons
  A frilled lizard (D:1)
  4 kobolds
  3 rats
44 creatures vanquished.

Notes
Turn   | Place    | Note
-------+----------+-------------------------------------------
     0 | D:1      | AiryTheDragon the Demonspawn Hedge Wizard began the quest
                  | for the Orb.
     0 | D:1      | Reached XP level 1. HP: 13/13 MP: 4/4
   248 | D:1      | Gained mutation: Spells you cast may paralyse adjacent
                  | enemies. [demonic ancestry]
   248 | D:1      | Reached XP level 2. HP: 14/19 MP: 6/6
   337 | D:1      | Learned a level 2 spell: Blink
   340 | D:1      | Learned a level 2 spell: Call Imp
   425 | D:1      | Reached XP level 3. HP: 24/24 MP: 2/8
   618 | D:1      | Learned a level 3 spell: Mephitic Cloud
   620 | D:1      | Learned a level 1 spell: Slow
   667 | D:1      | Found a faded altar of an unknown god.
   674 | D:1      | Prayed at the altar of an unknown god.
   674 | D:1      | Became a worshipper of Dithmenos the Shadowed
   674 | D:1      | Reached * piety under Dithmenos
  1152 | D:2      | Reached skill level 1 in Maces & Flails
  1152 | D:2      | Gained mutation: You are partially covered in sharp spines.
                  | [demonic ancestry]
  1152 | D:2      | Reached XP level 4. HP: 19/31 MP: 1/9
  2054 | D:3      | Noticed Terence
  2163 | D:3      | Reached skill level 1 in Armour
  2218 | D:3      | Noticed Grinder
  2407 | D:3      | Paralysed by Grinder for 2 turns
  2410 | D:3      | Killed from afar by Grinder

Illustrated notes

Levels and vault maps discovered:
D:1:      dpeg_arrival_rooms_a, layout_rooms,
          dilly_ecumenical_altar_fadedgnrine, chequers_serial_rivers_marsh
D:2:      layout_basic
D:3:      layout_rooms, uniq_grinder, uniq_terence

Skill      XL: |  1  2  3  4 |
---------------+-------------+-----
Dodging        | 2 |  2.2
Stealth        | 2 |  2.2
Maces & Flails | 1 |  1.3
Armour         | 1 |  1.0
Fighting       | |  0.3
Spellcasting   | |  3.8
Conjurations   | |  1.2
Summonings     | |  1.0
Translocations | |  0.9

Action                     |  1- 3 |  4- 6 || total
---------------------------+-------+-------++-------
  Melee: Mace              |    76 |    34 ||   110
  Throw: Stone             |       |     2 ||     2
   Cast: Magic Dart        |    39 |    20 ||    59
         Blink             |     1 |     3 ||     4
         Mephitic Cloud    |       |     2 ||     2
         Call Imp          |       |     2 ||     2
         Slow              |       |     1 ||     1
    Use: Potion            |       |     2 ||     2
   Stab: Sleeping          |     7 |     1 ||     8
         Paralysed         |     6 |     5 ||    11
         Confused          |       |     1 ||     1
 Armour: Robe              |    12 |       ||    12
         Chain mail        |       |     4 ||     4
  Dodge: Dodged            |    51 |    25 ||    76

Table legend: (Time is in decaauts)
 A = Elapsed time spent in this place.
 B = Non-inter-level travel time spent in this place.
 C = Inter-level travel time spent in this place.
 D = Time resting spent in this place.
 E = Time spent auto-exploring this place.
 F = Levels seen in this place.
 G = Mean time per level.
                   A        B        C        D        E       F      G
               +--------+--------+--------+--------+--------+-----+--------+
         Total |   2453 |   2390 |     63 |    235 |   1353 |   3 |  817.7 |
       Dungeon |   2453 |   2390 |     63 |    235 |   1353 |   3 |  817.7 |
               +--------+--------+--------+--------+--------+-----+--------+

Top non-repeatable levels by time:
     D:2: 1184 daAuts
     D:1: 1004 daAuts
     D:3: 265 daAuts
